 Dungeon Crawl Stone Soup version 0.26-a0-642-g67e99244d3 (webtiles) character file.

Game seed: 11700462850382980596

828 DogServant the Digger (level 7, -1/40 HPs)
             Began as a Gargoyle Earth Elementalist on Sept 22, 2020.
             Splashed by a jelly's acid (9 damage)
             ... on level 5 of the Dungeon.
             The game lasted 00:08:28 (4554 turns).

DogServant the Digger (Gargoyle Earth Elementalist) Turns: 4554, Time: 00:08:29

Health: -1/40      AC:  2    Str: 11    XL:     7   Next: 97%
Magic:  3/14       EV: 12    Int: 18    God:
Gold:   182        SH:  0    Dex: 10    Spells: 2/15 levels left

rFire    . . .     SeeInvis .   g - +4 war axe
rCold    . . .     Faith    .   (no shield)
rNeg     + . .     Spirit   .   c - +0 robe
rPois    ∞         Reflect  .   (no helmet)
rElec    +         Harm     .   (no cloak)
rCorr    .         Rampage  .   (no gloves)
MR       .....                  (no boots)
Stlth    ++........             f - amulet of regeneration
HPRegen  0.53/turn              (no ring)
MPRegen  0.14/turn              (no ring)

@: mighty, corroded
A: negative energy resistance 1, electricity resistance, unbreathing,
petrification resistance, rot immunity, AC +4
a: no special abilities


You were on level 5 of the Dungeon.
You visited 1 branch of the dungeon, and saw 6 of its levels.
You also visited: Sewer.

You collected 182 gold pieces.

Inventory:

Hand Weapons
 g - a +4 war axe (weapon)
 l - a +2 whip of pain
 m - a +1 flail of protection
 q - a +2 dagger of draining
Armour
 c - a +0 robe (worn)
 n - a +0 helmet
Jewellery
 f - an amulet of regeneration (around neck)
Wands
 u - a wand of flame (18)
Scrolls
 i - 4 scrolls of remove curse
 k - 2 scrolls of identify
 o - 2 scrolls of teleportation {unknown}
 r - a scroll of amnesia
 s - a scroll of noise {unknown}
 v - a scroll of enchant weapon {unknown}
Potions
 a - 5 potions of might
 d - 3 potions of brilliance
 e - a potion of flight
 h - a potion of mutation
 j - 7 potions of heal wounds {unknown}
 p - 3 potions of curing {unknown}
 t - a potion of resistance {unknown}
 w - a potion of degeneration {unknown}


   Skills:
 + Level 2.0 Fighting
 - Level 1.5 Dodging
 + Level 3.3 Stealth
 + Level 4.8 Spellcasting
 + Level 4.4 Conjurations
 - Level 0.7 Transmutations
 + Level 6.8 Earth Magic


You had 2 spell levels left.
You knew the following spells:

 Your Spells              Type           Power        Failure   Level
a - Sandblast             Erth           ####..       1%          1
b - Stone Arrow           Conj/Erth      ###...       4%          3
c - Lee's Rapid Deconstr  Erth           ####......   22%         5
d - Petrify               Tmut/Erth      ###.....     28%         4

Your spell library contained the following spells:

 Spells                   Type           Power        Failure   Level
 Passwall                 Tmut/Erth      ###.....     4%          2


Dungeon Overview and Level Annotations

Branches:
Dungeon (6/15)              Sewer (visited)
 Temple: D:4-7

Altars:
Nemelex Xobeh
Okawaru
The Shining One


Innate Abilities, Weirdness & Mutations

You are resistant to torment.
Your stone body is resilient. (AC +4)
You are immune to poison.
You resist negative energy. (rN+)
You are resistant to electric shocks. (rElec)
You can survive without breathing.
You are immune to petrification.
You are immune to rotting.


Message History

You barely miss the orc. You hit the orc. The orc closely misses you.
The orc barely misses you. The jelly hits you. The acid corrodes you!
You are splashed with acid.
You slash the orc!
You kill the orc!
You slash the jelly!
Your hands burn!
You barely miss the orc. The orc hits you with a +0 mace!
The jelly completely misses you. Something hits you. The orc barely misses you.
You barely miss the jelly.
The jelly is severely wounded.
You slash the orc!
You kill the orc!
You barely miss something. The jelly hits you.
You are splashed with acid!
* * * LOW HITPOINT WARNING * * *
Something hits you.
* * * LOW HITPOINT WARNING * * *
The jelly hits you.
* * * LOW HITPOINT WARNING * * *
You are splashed with acid!
You die...

## ####.##
##.#...####
#..#.......
#..........
##.......... ##
#...........
##.####...........
#..@J.#...........
#..)†.............
#...............##
##........?.......
##.......##......
##.....## ....##
..##.#.. #..
....#..... #....
.....


You could see a jelly.

Vanquished Creatures
  A sky beast (D:2)
  An ogre (D:4)
  A bullfrog (D:6)
  A big kobold (Sewer)
  A howler monkey (D:4)
  A hound (D:3)
  A bullfrog skeleton (D:3)
  2 orc priests
  An iguana (D:4)
  An orc wizard (D:3)
  A worker ant (D:6)
  11 adders
  5 river rats (Sewer)
  2 oozes (D:3)
  3 worms (D:2)
  A dart slug (D:3)
  10 leopard geckos
  9 orcs
  4 ball pythons (Sewer)
  5 bats
  3 giant cockroaches (D:3)
  8 hobgoblins
  9 jackals
  2 quokkas
  4 frilled lizards
  4 goblins
  20 kobolds
  A leopard gecko skeleton (D:4)
  24 rats
137 creatures vanquished.

Notes
Turn   | Place    | Note
-------+----------+-------------------------------------------
     0 | D:1      | DogServant the Gargoyle Earth Elementalist began the quest
                  | for the Orb.
     0 | D:1      | Reached XP level 1. HP: 10/10 MP: 3/3
   564 | D:1      | Reached skill level 4 in Earth Magic
   564 | D:1      | Reached XP level 2. HP: 12/15 MP: 5/5
  1261 | D:2      | Reached XP level 3. HP: 19/19 MP: 2/7
  1266 | D:2      | Learned a level 3 spell: Stone Arrow
  1674 | D:2      | Reached skill level 1 in Conjurations
  1674 | D:2      | Reached XP level 4. HP: 12/24 MP: 5/8
  1948 | D:2      | Noticed a sky beast
  1968 | D:2      | Killed a sky beast
  1968 | D:2      | Reached skill level 5 in Earth Magic
  1968 | D:2      | Reached XP level 5. HP: 25/28 MP: 2/10
  2848 | D:3      | Reached XP level 6. HP: 32/32 MP: 1/11
  3123 | D:3      | Found a glowing drain.
  3130 | Sewer    | Entered a sewer
  3520 | Sewer    | Reached skill level 6 in Earth Magic
  3580 | Sewer    | Reached XP level 7. HP: 28/36 MP: 11/13
  3964 | D:3      | Learned a level 5 spell: Lee's Rapid Deconstruction
  3969 | D:3      | Learned a level 4 spell: Petrify
  3991 | D:3      | Found an iron altar of Okawaru.
  4063 | D:3      | Found a glowing golden altar of the Shining One.
  4206 | D:3      | Found a sparkling altar of Nemelex Xobeh.
  4425 | D:4      | Reached skill level 1 in Fighting
  4516 | D:4      | You fall into a shaft and drop 2 floors!
  4540 | D:5      | Entered Level 5 of the Dungeon
  4554 | D:5      | Splashed by a jelly's acid

Illustrated notes

Levels and vault maps discovered:
D:1:      lightli_arrival_statuegarden, layout_basic, roderic_three_in_a_row
D:2:      layout_basic
D:3:      layout_loops_ring, marbit_many_paths, nicolae_tso_carved_into_rock,
          nemelex_xobeh_ov_fountains_minmay, gup_sewer_entry_pipe
D:4:      layout_cave_pods, minmay_distorted
D:5:      layout_cave_pools, lemuel_crystal_altar,
          grunt_dithmenos_smoke_and_mirrors, dancing_weapons_uskayaw, uniq_pikel
D:6:      layout_rooms, minmay_temple_entry_overgrown,
          kennysheep_generic_room_11, uniq_eustachio

Skill      XL: |  1  2  3  4  5  6  7 |
---------------+----------------------+-----
Earth Magic    | 4 5 6 |  6.8
Spellcasting   | 3 4 |  4.8
Conjurations   | 1 2 3 4 |  4.4
Fighting       | 2 |  2.0
Stealth        | 3 |  3.3
Dodging        | |  1.5
Transmutations | |  0.7

Action                   |  1- 3 |  4- 6 |  7- 9 || total
-------------------------+-------+-------+-------++-------
Melee: Mace              |    48 |       |       ||    48
       Whip              |    35 |    17 |       ||    52
       War axe           |       |   110 |    75 ||   185
 Cast: Sandblast         |    27 |    46 |    13 ||    86
       Stone Arrow       |       |       |     3 ||     3
  Use: Scroll            |       |     9 |       ||     9
       Potion            |       |       |     1 ||     1
 Stab: Sleeping          |     4 |     3 |     1 ||     8
Armor: Robe              |    35 |    79 |    28 ||   142
Dodge: Dodged            |    74 |   142 |    70 ||   286

Table legend: (Time is in decaauts)
 A = Elapsed time spent in this place.
 B = Non-inter-level travel time spent in this place.
 C = Inter-level travel time spent in this place.
 D = Time resting spent in this place.
 E = Time spent auto-exploring this place.
 F = Levels seen in this place.
 G = Mean time per level.
                   A        B        C        D        E       F      G
               +--------+--------+--------+--------+--------+-----+--------+
         Total |   4691 |   4622 |     69 |    873 |   2751 |   7 |  670.1 |
       Dungeon |   3970 |   3901 |     69 |    783 |   2403 |   6 |  661.7 |
         Sewer |    721 |    721 |      0 |     90 |    347 |   1 |  721.0 |
               +--------+--------+--------+--------+--------+-----+--------+

Top non-repeatable levels by time:
     D:2: 1559 daAuts
     D:3: 1144 daAuts
     D:1: 1030 daAuts
   Sewer: 721 daAuts
     D:4: 195 daAuts
     D:6: 24 daAuts
     D:5: 15 daAuts
